 Dungeon Crawl Stone Soup version 0.27.1-3-gb3d3a73c9e (webtiles) character file.

Game seed: 6582905853832155396

30 earthworldpsion the Conjurer (level 3, -1/26 HPs)
             Began as a Draconian Conjurer on Oct 17, 2021.
             Slain by a worm (2 damage)
             ... on level 1 of the Dungeon.
             The game lasted 00:07:33 (1560 turns).

earthworldpsion the Conjurer (Draconian Conjurer)   Turns: 1560, Time: 00:07:34

Health: -1/26      AC:  5    Str:  9    XL:     3   Next: 3%
Magic:  2/6        EV: 12    Int: 19    God:
Gold:   28         SH:  0    Dex:  9    Spells: 2/6 levels left

rFire    . . .     SeeInvis .   f - +0 dagger
rCold    . . .     Faith    .   (no shield)
rNeg     . . .     Spirit   .   (armour unavailable)
rPois    .         Reflect  .   (helmet restricted)
rElec    .         Harm     .   (no cloak)
rCorr    .         Rampage  .   (no gloves)
Will     .....                  (no boots)
Stlth    ++........             (no amulet)
HPRegen  0.08/turn              (no ring)
MPRegen  0.10/turn              (no ring)

@: no status effects
A: AC +5, unfitting armour, cold-blooded
a: no special abilities


You were on level 1 of the Dungeon.
You visited 1 branch of the dungeon, and saw 2 of its levels.

You collected 28 gold pieces.

Inventory:

Hand Weapons
 f - a +0 dagger (weapon)
Armour
 a - a +0 ring mail
Scrolls
 c - a scroll of noise {unknown}
 e - a scroll of enchant weapon {unknown}
Potions
 b - a potion of degeneration {unknown}
 d - a potion of brilliance {unknown}


   Skills:
 + Level 1.9 Dodging
 + Level 2.2 Stealth
 + Level 0.2 Unarmed Combat
 + Level 2.2 Spellcasting
 + Level 4.5 Conjurations


You had 2 spell levels left.
You knew the following spells:

 Your Spells              Type           Power      Damage    Failure   Level
a - Magic Dart            Conj           76%        1d6       2%          1
b - Dazzling Flash        Conj/Hex       20%        N/A       21%         3

Your spell library contained the following spells:

 Spells                   Type           Power      Damage    Failure   Level
 Searing Ray              Conj           38%        3d4       3%          2
 Blink                    Tloc           N/A        N/A       26%         2
 Fulminant Prism          Conj/Hex       5%         3d7       54%         4
 Iskenderun's Mystic Bla  Conj/Tloc      10%        2d4       54%         4
 Manifold Assault         Tloc           2%         N/A       99%         5
 Storm Form               Tmut/Air       1%         N/A       100%        7


Dungeon Overview and Level Annotations

Branches:
Dungeon (2/15)

Altars:

Shops:
D:1 (


Innate Abilities, Weirdness & Mutations

Your plain brown scales are hard. (AC +5)
You cannot fit into any form of body armour.
You are cold-blooded and may be slowed by cold attacks.


Message History

Aim: a worm (100% to hit)
The magic dart hits the worm.
The worm is lightly wounded.
Casting: Magic Dart (safe; 2% risk of failure)
Confirm with . or Enter, or press ? or * to list all spells.
Aiming: Magic Dart (safe; 2% risk of failure)
Press: ? - help, Shift-Dir - straight line, f/p - worm
Aim: a worm (lightly wounded, 100% to hit)
The magic dart hits the worm.
The worm is moderately wounded.
Casting: Magic Dart (safe; 2% risk of failure)
Confirm with . or Enter, or press ? or * to list all spells.
Aiming: Magic Dart (safe; 2% risk of failure)
Press: ? - help, Shift-Dir - straight line, f/p - worm
Aim: a worm (100% to hit)
The magic dart hits the worm but does no damage.
You see here a +0 dagger.
f - a +0 dagger
f - a +0 dagger (weapon)
Unknown command.
You hit the worm but do no damage. The worm completely misses you.
You hit the worm.
Your tail-slap misses the worm.
The worm is lightly wounded.
You hit the worm but do no damage.
The worm is lightly wounded.
The worm bites you.
You barely miss the worm.
The worm is lightly wounded.
The worm closely misses you.
You hit the worm but do no damage. You hit the worm.
The worm is lightly wounded.
The worm completely misses you. The worm bites you!
* * * LOW HITPOINT WARNING * * *
You hit the worm but do no damage. The worm bites you.
* * * LOW HITPOINT WARNING * * *
You barely miss the worm. You hit the worm but do no damage.
The worm bites you.
You die...

#.# ##.#.#####.....##.# #.#
#....#####.#####.## #.#
#..........####.## #.#
#...######.##....## #.#######
#...# #.##.##.##
#.......#######...######.......#.
#######.##.............####.####.
..# #............................
#.###.#.##......@w.....####...###
#.##>....######...#######.......#
#.##.....# #...# #.......#
#.##.....# #...# #.......#
#...[....######...# ###...###
#..#.....##.......# ######...###
#..#.....##.####### #..........>
#......#.##.# ##.## #.####.####.
##.#.#...##.####...###.####.# ##


You could see a worm.

Vanquished Creatures
  A dart slug (D:1)
  3 endoplasms (D:1)
  6 giant cockroaches (D:1)
  4 goblins (D:1)
  2 hobgoblins (D:1)
  A kobold (D:1)
  A ball python (D:1)
  3 bats
  A rat (D:1)
22 creatures vanquished.

Notes
Turn   | Place    | Note
-------+----------+-------------------------------------------
     0 | D:1      | earthworldpsion the Draconian Conjurer began the quest for
                  | the Orb.
     0 | D:1      | Reached XP level 1. HP: 14/14 MP: 3/3
   211 | D:1      | Found Uqor's Antique Weapon Shoppe.
   309 | D:1      | Reached XP level 2. HP: 20/20 MP: 0/5
  1334 | D:1      | Reached XP level 3. HP: 26/26 MP: 4/6
  1398 | D:2      | Found a faded altar of an unknown god.
  1413 | D:1      | Learned a level 3 spell: Dazzling Flash
  1557 | D:1      | HP: 1/26 [worm (9)]
  1560 | D:1      | Slain by a worm

Illustrated notes

Levels and vault maps discovered:
D:1:      minmay_arrival_diagonal_passages, layout_loops_cross, serial_shops,
          nicolae_shop_stone, hangedman_feature_mirror, minmay_worlds_worst_comb
D:2:      layout_basic, serial_undead, serial_undead_b, serial_undead_c,
          serial_undead_b, serial_undead_a, ebering_ecumenical_altar_box,
          uniq_jessica

Skill      XL: |  1  2 |
---------------+-------+-----
Stealth        | 2 |  2.2
Dodging        | |  1.9
Unarmed Combat | |  0.2
Spellcasting   | |  2.2
Conjurations   | |  4.5

Action                   || total
-------------------------++-------
Melee: Unarmed           ||   132
       Tailslap          ||     7
       Dagger            ||     9
 Cast: Magic Dart        ||    53
       Dazzling Flash    ||     1
 Stab: Sleeping          ||     1
Armor: Skin              ||    60
Dodge: Dodged            ||   123
